 Dungeon Crawl Stone Soup version 0.31.0-7-gf635a9b802 (webtiles) character file.

Game seed: 11441403500451057398

17560 Bnni the Geomancer (level 12, -9/94 HPs)
             Began as a Formicid Earth Elementalist on Jan 23, 2024.
             Was a Priest of Cheibriados.
             Mangled by a minotaur
             ... wielding a +0 antimagic morningstar
              (11 damage)
             ... in a Gauntlet.
             The game lasted 00:30:52 (12448 turns).

Bnni the Geomancer (Formicid Earth Elementalist)   Turns: 12448, Time: 00:30:53

Health: -9/94      AC: 13    Str: 28    XL:     12   Next: 84%
Magic:  0/24       EV: 10    Int: 27    God:    Cheibriados [***...]
Gold:   589        SH: 12    Dex: 22    Spells: 16/27 levels left

rFire   . . .        v - +4 dagger (venom)
rCold   . . .        H - +0 kite shield
rNeg    + . .        D - +2 scale mail {rPois}
rPois   +            (helmet unavailable)
rElec   .            J - +0 cloak {Will+}
rCorr   .            (no gloves)
SInv    +            l - +0 pair of boots
Will    ++...        (no amulet)
Stlth   +            g - +6 ring of strength
HPRegen 0.35/turn    x - ring of positive energy
MPRegen 0.19/turn

%: no passive effects
@: very slow
A: permanent stasis, dig shafts and tunnels, antennae 3, four strong arms
a: Dig, Renounce Religion, Bend Time, Temporal Distortion


You were in a Gauntlet.
You worshipped Cheibriados.
Cheibriados was most pleased with you.
You visited 2 branches of the dungeon, and saw 13 of its levels.
You also visited: Ossuary and Gauntlet.

You collected 682 gold pieces.
You spent 93 gold pieces at shops.

Inventory:

Hand Weapons
 j - a +0 trident
 v - a +4 dagger of venom (weapon)
Armour
 i - a +1 chain mail of willpower
 l - a +0 pair of boots (worn)
 o - a +1 ring mail of fire resistance
 D - a +2 scale mail of poison resistance (worn)
 H - a +0 kite shield (worn)
 J - a +0 cloak of willpower (worn)
Jewellery
 b - a ring of wizardry
 g - a +6 ring of strength (left hand)
 x - a ring of positive energy (right hand)
Wands
 c - a wand of mindburst (26)
 w - a wand of polymorph (14)
 B - a wand of charming (11)
Scrolls
 a - 3 scrolls of summoning
 e - 2 scrolls of torment
 h - a scroll of fog
 m - 4 scrolls of vulnerability
 p - 2 scrolls of immolation
 r - 4 scrolls of fear
 u - a scroll of silence
 y - 2 scrolls of enchant weapon {unknown}
 C - a scroll of revelation {unknown}
 G - 4 scrolls of enchant armour {unknown}
Potions
 d - 10 potions of curing
 f - 3 potions of might {unknown}
 k - 2 potions of degeneration {unknown}
 n - 2 potions of heal wounds
 q - 3 potions of mutation {unknown}
 s - 4 potions of lignification
 t - 2 potions of resistance {unknown}
 z - 2 potions of brilliance {unknown}
 A - 7 potions of enlightenment {unknown}
 E - 2 potions of haste {unknown}
 F - a potion of invisibility {unknown}
 I - a potion of attraction {unknown}


   Skills:
 + Level 8.9 Fighting
 + Level 8.3 Armour
 - Level 1.7 Dodging
 - Level 2.4 Stealth
 + Level 8.2 Shields
 + Level 8.3 Spellcasting
 - Level 3.0 Conjurations
 + Level 13.6 Earth Magic
 * Level 8.4 Invocations


You had 16 spell levels left.
You knew the following spells:

 Your Spells              Type           Power      Damage    Failure   Level
a - Sandblast             Erth           100%       2d20      1%          1
b - Passwall              Erth           71%        N/A       1%          3
c - Stone Arrow           Conj/Erth      100%       3d13      1%          3
d - Brom's Barrelling Bo  Conj/Erth      54%        2d7       5%          4

Your spell library contained the following spells:

 Spells                   Type           Power      Damage    Failure   Level
 Kiss of Death            Conj/Necr      76%        2d11      9%          1
 Leda's Liquefaction      Alch/Erth      24%        N/A       11%         4
 Petrify                  Alch/Erth      48%        N/A       11%         4
 Apportation              Tloc           22%        N/A       17%         1
 Freeze                   Ice            44%        1d6       17%         1
 Jinxbite                 Hex            22%        N/A       26%         2
 Hailstorm                Conj/Ice       19%        3d7       26%         3
 Confusing Touch          Hex            11%        N/A       45%         3
 Frozen Ramparts          Ice            22%        1d4       45%         3
 Cause Fear               Hex            5%         N/A       86%         4
 Dispel Undead            Necr           11%        3d9       86%         4
 Fireball                 Conj/Fire      9%         3d6       94%         5
 Alistair's Intoxication  Alch           7%         N/A       99%         5
 Metabolic Englaciation   Hex/Ice        5%         N/A       99%         5
 Dragon's Call            Summ           5%         N/A       100%        9


Dungeon Overview and Level Annotations

Branches:
Dungeon (12/15)            Temple (1/1) D:5            Lair (0/5) D:8
    Orc (0/2) D:11        Ossuary (visited)         Gauntlet (1/1)

Altars:
Ashenzari
Cheibriados
Dithmenos
Elyvilon
Fedhas
Gozag
Hepliaklqana
Kikubaaqudgha
Makhleb
Nemelex Xobeh
Okawaru
Qazlal
Ru
Sif Muna
Trog
Uskayaw
Vehumet
Wu Jian
Xom
Yredelemnul
Zin
The Shining One

Shops:
D:2 (   D:4 !   D:6 *   D:10 =   D:11 !

Portals:
Abyss: D:3

Annotations:
D:3 2 transporters, Skimidon's ghost, amateur GnSh
D:7 2 transporters Gauntlet 12 transporters


Innate Abilities, Weirdness & Mutations

You cannot be hasted, slowed, berserked, paralysed or teleported.
You can dig through walls and to a lower floor.
You have a pair of large antennae on your head. (SInv)
Your four strong arms can wield two-handed weapons with a shield.


Message History

Okay, then.
Unknown command.
As you read the scroll of torment, it crumbles to dust.
You feel a surge of unholy energy.
The minotaur convulses!
The minotaur hits you but does no damage.
You block the minotaur's attack.
Unknown command.
You hit the minotaur but do no damage.
The minotaur looks as sick as possible!
The minotaur is severely wounded.
The minotaur hits you with a +0 antimagic morningstar!
You feel your power leaking away.
The minotaur gores you but does no damage.
You hit the minotaur.
The minotaur looks as sick as possible!
The minotaur is almost dead.
The minotaur hits you but does no damage.
The minotaur gores you!
Okay, then.
You hit the minotaur but do no damage.
The minotaur looks as sick as possible!
The minotaur is almost dead.
The minotaur hits you with a +0 antimagic morningstar!
* * * LOW HITPOINT WARNING * * *
The minotaur gores you but does no damage.
Unknown command.
You hit the minotaur but do no damage.
The minotaur is almost dead.
You feel less wooden.
Your +0 cloak of willpower unmelds from your body.
Your +0 pair of boots unmelds from your body.
Your +2 scale mail of poison resistance unmelds from your body.
You feel strong-willed.
You feel resistant to poison. You block the minotaur's attack.
The minotaur gores you but does no damage.
Aiming: Sandblast (safe; 1% risk of failure)
Press: ? - help, Q - select action, (/) - cycle Shift-Dir - straight line, f/p - minotaur
Aim: a minotaur, wielding a +0 antimagic morningstar, wearing a +0 chain mail, wearing the ring of the Gloaming {rC+ Will+ SInv Stlth+} and quivering javelins (almost dead, extremely poisoned, 91% to hit)
The blast of sand misses the minotaur.
The minotaur hits you with a +0 antimagic morningstar!!
* * * LOW HITPOINT WARNING * * *
The minotaur gores you!
You die...

## .# .. ### #. #∩#
#.##.# .. ..#.# #. #.#H#
###.##@#'###.##.
#......H........
#.##.##.##.##.##
#.##.##.##.##.
#..............
##.##.##.##.##.#
###.##.##.##.##.###
#≈...............≈# # ###
####8..©.©.©.©.©.©..8####
#


You could see a minotaur (extremely poisoned).

Vanquished Creatures
  A two-headed ogre (D:11)
  A tengu warrior (D:10)
  2 death scarabs (Gauntlet)
  An ugly thing (D:11)
  A worldbinder (Gauntlet)
  3 cyclopes
  2 manticores
  Joseph (D:9)
  A tengu conjurer (D:10)
  A kobold demonologist (D:8)
  A komodo dragon (D:11)
  A troll (D:9)
  A hornet (D:7)
  A spectral black mamba (Gauntlet)
  2 slime creatures
  11 yaks
  2 shadows
  Sigmund (D:2)
  2 wyverns (D:9)
  2 wraiths
  A spectral komodo dragon (Gauntlet)
  A neqoxec (Gauntlet)
  2 vampire mosquitoes (D:11)
  3 chaos spawn (Gauntlet)
  2 water moccasins
  3 acid dragons
  Duvessa (D:5)
  An ice beast (D:8)
  8 orc warriors
  2 boggarts (Gauntlet)
  3 sky beasts
  4 black bears
  An ogre (D:7)
  4 centaurs
  3 phantoms
  Blork the orc (D:5)
  5 bullfrogs
  A gnoll sergeant (D:8)
  An elf zombie (D:4)
  2 scorpions
  8 wights
  Dowan (D:5)
  18 killer bees
  4 howler monkeys
  2 bombardier beetles (D:5)
  A quasit (D:8)
  5 hounds
  4 jellies
  7 orc priests
  3 human zombies
  A human skeleton (D:4)
  Jessica (D:3)
  6 iguanas
  4 sleepcaps
  Ijyb (D:4)
  11 orc wizards
  Natasha (thrice) (D:2)
  A hound zombie (Ossuary)
  4 mummies (Ossuary)
  4 gnolls (D:6)
  6 adders
  3 shadow imps
  A white imp (D:8)
  3 ufetubi
  2 adder zombies (Ossuary)
  A dart slug (D:1)
  2 ribbon worms (D:3)
  37 orcs
  3 bats
  6 endoplasms
  A gnoll zombie (Ossuary)
  12 goblins
  5 hobgoblins
  5 kobolds (D:1)
  4 quokkas
  6 ball pythons
  A frilled lizard (D:3)
  A goblin zombie (Ossuary)
  2 hobgoblin zombies (Ossuary)
  A jackal zombie (Ossuary)
  A kobold zombie (Ossuary)
  3 orc zombies
  5 rats
  A rat zombie (Ossuary)
  A spectral goblin (D:9)
289 creatures vanquished.

Vanquished Creatures (collateral kills)
  4 slime creatures (D:11)
  A boulder (Gauntlet)
5 creatures vanquished.

Vanquished Creatures (others)
  2 boulders (Gauntlet)
2 creatures vanquished.

Grand Total: 296 creatures vanquished

Notes
Turn   | Place    | Note
-------+----------+-------------------------------------------
     0 | D:1      | Bnni the Formicid Earth Elementalist began the quest for
                  | the Orb.
     0 | D:1      | Reached XP level 1. HP: 13/13 MP: 3/3
    26 | D:1      | Reached skill level 1 in Conjurations
   236 | D:1      | Reached XP level 2. HP: 20/20 MP: 3/5
   397 | D:1      | Reached skill level 4 in Earth Magic
   568 | D:1      | Reached XP level 3. HP: 25/25 MP: 4/6
   641 | D:1      | Reached skill level 1 in Fighting
  1122 | D:2      | Found a shimmering altar of Xom.
  1145 | D:2      | Learned a level 3 spell: Passwall
  1217 | D:2      | Found Amoduihue's Antique Weapon Shop.
  1286 | D:2      | Noticed Natasha
  1293 | D:2      | Killed Natasha
  1294 | D:2      | Reached skill level 1 in Shields
  1294 | D:2      | Reached XP level 4. HP: 25/32 MP: 1/7
  1334 | D:2      | Noticed Natasha
  1339 | D:2      | Killed Natasha
  1483 | D:2      | Noticed Sigmund
  1490 | D:2      | Killed Sigmund
  1491 | D:2      | Reached skill level 5 in Earth Magic
  1491 | D:2      | Reached XP level 5. HP: 33/38 MP: 3/9
  1491 | D:2      | Reached XP level 6. HP: 38/44 MP: 3/10
  1618 | D:2      | Learned a level 3 spell: Stone Arrow
  1625 | D:2      | Noticed Natasha
  1631 | D:2      | Killed Natasha
  1854 | D:3      | Noticed Jessica
  1855 | D:3      | Killed Jessica
  1989 | D:3      | Found a transporter.
  2139 | D:3      | Found a transporter.
  2143 | D:3      | Found a one-way gate to the infinite horrors of the Abyss.
  2143 | D:3      | Noticed Skimidon's ghost (amateur GnSh)
  2198 | D:3      | Found a shimmering blue altar of Sif Muna.
  2200 | D:3      | Reached XP level 7. HP: 51/51 MP: 9/11
  2219 | D:3      | Found an ancient bone altar of Kikubaaqudgha.
  2249 | D:3      | Found a radiant altar of Vehumet.
  2873 | D:4      | Reached skill level 6 in Earth Magic
  2941 | D:4      | Reached skill level 5 in Shields
  2951 | D:4      | Reached XP level 8. HP: 58/58 MP: 6/13
  2961 | D:4      | Reached skill level 1 in Armour
  3022 | D:4      | Found a sand-covered staircase.
  3099 | Ossuary  | Entered an ossuary
  3252 | Ossuary  | Reached skill level 7 in Earth Magic
  4105 | D:4      | Found a sparkling altar of Nemelex Xobeh.
  4165 | D:4      | Noticed Ijyb
  4171 | D:4      | Killed Ijyb
  4287 | D:4      | Found Isalidgh's Distillery.
  4298 | D:4      | Bought a potion of lignification for 39 gold pieces
  4492 | D:5      | Entered Level 5 of the Dungeon
  4492 | D:5      | Noticed Dowan
  4493 | D:5      | Noticed Duvessa
  4495 | D:5      | Noticed Blork the orc
  4531 | D:5      | Reached skill level 8 in Earth Magic
  4710 | D:5      | Killed Blork the orc
  4711 | D:5      | Reached XP level 9. HP: 42/66 MP: 13/16
  4967 | D:5      | Killed Dowan
  4967 | D:5      | Killed Duvessa
  4968 | D:5      | Reached skill level 5 in Spellcasting
  5047 | D:5      | Found a burning altar of Makhleb.
  5159 | D:5      | Reached skill level 5 in Fighting
  5187 | D:5      | Reached skill level 9 in Earth Magic
  5199 | D:5      | Found a staircase to the Ecumenical Temple.
  5207 | Temple   | Entered the Ecumenical Temple
  5214 | Temple   | Became a worshipper of Cheibriados the Contemplative
  5482 | D:6      | Found Muptiucs's Assorted Antiques.
  5508 | D:6      | Bought a scroll of identify for 54 gold pieces
  5756 | D:6      | Reached skill level 1 in Invocations
  6187 | D:7      | Noticed a hornet
  6270 | D:7      | Reached * piety under Cheibriados
  6316 | D:7      | Noticed a two-headed ogre
  6368 | D:7      | Noticed a green ugly thing
  6438 | D:7      | Killed a hornet
  6439 | D:7      | Reached skill level 10 in Earth Magic
  6439 | D:7      | Reached XP level 10. HP: 70/76 MP: 15/18
  6724 | D:7      | Reached skill level 5 in Armour
  6729 | D:7      | Found a transporter.
  6902 | D:7      | Found a transporter.
  7069 | D:8      | Reached ** piety under Cheibriados
  7183 | D:8      | Found a sacrificial altar of Ru.
  7315 | D:8      | Reached skill level 11 in Earth Magic
  7361 | D:8      | Found a shimmering altar of Xom.
  7525 | D:8      | Noticed a kobold demonologist
  7529 | D:8      | Noticed an orange demon
  7532 | D:8      | Killed a kobold demonologist
  7575 | D:8      | Noticed a cyclops
  7597 | D:8      | Killed a cyclops
  7699 | D:8      | Reached *** piety under Cheibriados
  7785 | D:8      | Reached XP level 11. HP: 70/83 MP: 10/21
  8031 | D:8      | Found a staircase to the Lair.
  8075 | D:8      | Found an opulent altar of Gozag.
  8081 | D:8      | Found a stormy altar of Qazlal.
  8084 | D:8      | Found a glowing silver altar of Zin.
  8128 | D:9      | Reached skill level 5 in Invocations
  8278 | D:9      | Noticed Joseph
  8287 | D:9      | Killed Joseph
  8295 | D:9      | Reached skill level 12 in Earth Magic
  8385 | D:9      | Found a white marble altar of Elyvilon.
  8748 | D:9      | Found a hazy altar of Hepliaklqana.
  8934 | D:10     | Entered Level 10 of the Dungeon
  8938 | D:10     | Noticed a tengu warrior
  9121 | D:9      | Reached **** piety under Cheibriados
  9249 | D:10     | Killed a tengu warrior
  9470 | D:10     | Found Sostry's Jewellery Emporium.
  9928 | D:11     | Noticed a cyclops
  9932 | D:11     | Killed a cyclops
 10043 | D:11     | Reached ***** piety under Cheibriados
 10047 | D:11     | Reached XP level 12. HP: 92/92 MP: 19/23
 10086 | D:11     | Reached skill level 13 in Earth Magic
 10120 | D:11     | Found a staircase to the Orcish Mines.
 10346 | D:11     | Found Geulaag's Distillery.
 10358 | D:11     | Noticed a two-headed ogre
 10363 | D:11     | Killed a two-headed ogre
 11711 | D:12     | Found a gate leading to a gauntlet.
 11753 | Gauntlet | Entered a Gauntlet
 11753 | Gauntlet | Found a transporter.
 11803 | Gauntlet | Noticed a fire crab
 11804 | Gauntlet | Found a transporter.
 11819 | Gauntlet | Found a transporter.
 11823 | Gauntlet | Noticed a catoblepas
 11824 | Gauntlet | Found a transporter.
 11824 | Gauntlet | Noticed a glowing orange brain
 11838 | Gauntlet | Noticed a glowing orange brain
 11839 | Gauntlet | Found a transporter.
 11858 | Gauntlet | Found a transporter.
 11869 | Gauntlet | Noticed a death drake
 11870 | Gauntlet | Found a transporter.
 11882 | Gauntlet | Found a transporter.
 11883 | Gauntlet | Noticed a reaper
 11891 | Gauntlet | Noticed an arcanist
 11893 | Gauntlet | Noticed an arcanist
 11894 | Gauntlet | Found a transporter.
 11904 | Gauntlet | Noticed a death scarab
 11905 | Gauntlet | Noticed a death scarab
 11906 | Gauntlet | Found a transporter.
 11923 | Gauntlet | Found a transporter.
 11941 | Gauntlet | Found a transporter.
 11943 | Gauntlet | Found a transporter.
 11969 | Gauntlet | Found a transporter.
 11971 | Gauntlet | Found a transporter.
 11991 | Gauntlet | Found a transporter.
 11993 | Gauntlet | Found a transporter.
 12013 | Gauntlet | Noticed a catoblepas
 12028 | Gauntlet | HP: 4/94 [poisoned by a wolf spider]
 12151 | Gauntlet | Found a transporter.
 12299 | Gauntlet | Learned a level 4 spell: Brom's Barrelling Boulder
 12379 | Gauntlet | Killed a death scarab
 12379 | Gauntlet | Killed a death scarab
 12422 | Gauntlet | Found the +0 mask of the Dragon {Will+ Slay+3 SInv}
 12422 | Gauntlet | Identified the ring of the Gloaming {rC+ Will+ SInv Stlth+}
 12422 | Gauntlet | Noticed a minotaur
 12448 | Gauntlet | HP: 2/94 [minotaur/+0 antimagic morningstar (23)]
 12448 | Gauntlet | Mangled by a minotaur

Illustrated notes

Levels and vault maps discovered:
D:1:      roderic_octagonal_star, layout_loops_ring, minmay_tree_intersection
D:2:      layout_loops_cross, basic_altar, serial_shops, shop, uniq_sigmund,
          uniq_natasha
D:3:      layout_rooms, palyth_temple_overflow_mages,
          gammafunk_ghost_abyssal_escape, kennysheep_generic_room_8,
          uniq_jessica
D:4:      layout_loops_corners, nemelex_xobeh_ov_fountains_minmay,
          nicolae_ossuary_entry_catacombs, serial_shops, shop, uniq_ijyb
D:5:      layout_rooms, overflow_temple_1_default, temple_fountains,
          serial_aquarium, aquarium_bridge_long_joined
          [aquarium_subvault_balcony, aquarium_subvault_window,
          aquarium_subvault_bridge, aquarium_subvault_bridge,
          aquarium_subvault_wall, aquarium_subvault_balcony],
          aquarium_window_corner, aquarium_window_corner, aquarium_window_fake,
          aquarium_window_corridor_1, aquarium_view_2d, aquarium_view_2a,
          aquarium_pool_side, grunt_ministairs_1, uniq_blork_the_orc,
          uniq_duvessa
D:6:      layout_loops_ring, serial_shops, nicolae_shop_just_a_little_nook
D:7:      gammafunk_the_bubble [the_bubble_gammafunk_crates], layout_basic
D:8:      layout_basic, minmay_overflow_temple_star_quad,
          mainiacjoe_overflow_small_starburst, hangedman_ru_absence,
          lair_entry_dummy, serial_demonic, serial_demonic_e, serial_demonic_g,
          serial_demonic_g, serial_demonic_b, grunt_decor_one_mirror,
          hangedman_minor_gate_pass
D:9:      layout_irregular_city, elyvilon_altar_1,
          nicolae_hepliaklqana_monster_ancestors, uniq_joseph
D:10:     layout_rooms, serial_shops, shop
D:11:     layout_stronghold, minmay_orc_entry_temple_small, serial_shops,
          nicolae_shop_stone, serial_rivers, chequers_serial_rivers_small_a,
          chequers_serial_rivers_micro_e, chequers_serial_rivers_micro_b,
          chequers_serial_rivers_micro_c, chequers_serial_rivers_micro_c
D:12:     layout_roguey, gauntlet_entry_generic, uniq_frances, uniq_urug
Temple:   eino_temple_lava
Gauntlet: gammafunk_gauntlet_one_two_three
          [gammafunk_gauntlet_arena_split_diamond,
          gammafunk_gauntlet_arena_teeth, nicolae_gauntlet_arena_blocks,
          nicolae_gauntlet_arena_quarters, nicolae_gauntlet_arena_t_cross,
          nicolae_gauntlet_arena_flowing_pool, gammafunk_gauntlet_arena_crates,
          gammafunk_gauntlet_arena_arrow_garden,
          gammafunk_gauntlet_arena_hedges, gauntlet_exit_green]

Skill      XL: |  1  2  3  4  5  6  7  8  9 10 11 12 |
---------------+-------------------------------------+-----
Conjurations   | 1 2 3 |  3.0
Earth Magic    | 4 5 6 8 10 11 12 13 | 13.6
Fighting       | 1 2 3 4 5 6 8 |  8.9
Shields        | 1 3 5 6 8 |  8.2
Spellcasting   | 3 4 5 6 7 8 |  8.3
Armour         | 3 4 6 7 8 |  8.3
Invocations    | 2 4 6 8 |  8.4
Dodging        | |  1.7
Stealth        | |  2.4

Action                     |  1- 3 |  4- 6 |  7- 9 | 10-12 || total
---------------------------+-------+-------+-------+-------++-------
  Melee: Unarmed           |     1 |       |     7 |       ||     8
         Dagger            |     6 |       |    40 |    83 ||   129
         Trident           |       |       |    47 |       ||    47
   Cast: Sandblast         |    37 |    40 |   194 |   274 ||   545
         Stone Arrow       |       |       |       |    17 ||    17
         Brom's Barrelling |       |       |       |     3 ||     3
 Invoke: Slouch            |       |       |       |     4 ||     4
         Bend Time         |       |       |       |     2 ||     2
         Temporal Distorti |       |       |       |     1 ||     1
Ability: Dig               |       |       |       |     1 ||     1
  Evoke: Wand              |       |       |       |     2 ||     2
    Use: Scroll            |       |       |    10 |     5 ||    15
         Potion            |       |       |       |     6 ||     6
   Stab: Sleeping          |     1 |       |     2 |       ||     3
         Invisible         |       |       |       |     2 ||     2
 Armour: Robe              |     8 |    16 |    86 |       ||   110
         Ring mail         |       |       |    44 |       ||    44
         Skin              |       |       |     3 |    18 ||    21
         Scale mail        |       |       |    14 |   242 ||   256
  Dodge: Dodged            |    10 |    14 |   130 |   161 ||   315
  Block: Buckler           |       |    11 |    60 |    22 ||    93
         Kite shield       |       |       |       |   200 ||   200
